 Dungeon Crawl Stone Soup version bcrawl-1.39.1 (webtiles) character file.

Game seed: 14144477004456911506

10311808 Grijm the Devastator (level 20, -4/168 HPs)
             Began as a White Draconian Reaver on Oct 1, 2023.
             Was the Champion of Vehumet.
             Killed by drain life
             ... invoked by a deathcap
             ... summoned by a curse toe
              (21 damage)
             ... on level 2 of the Crypt on Oct 2, 2023.
             The game lasted 02:45:17 (38996 turns).

Grijm the Devastator (White Draconian Reaver)      Turns: 38996, Time: 02:45:18

Health: -4/168     AC: 15    Str: 13    XL:     20   Next: 23%
Magic:  45/49      EV: 13    Int: 27    God:    Vehumet [******]
Gold:   2256       SH:  6    Dex: 12    Spells: 5/51 levels left

rFire    x . .     GDR:     24% a - staff of cold
rCold    + + .     SeeInvis +   T - +0 buckler "Sackysi" {rF- rCorr Int+5 Slay+3}
rNeg     . . .     Gourm    .   (armour unavailable)
rPois    .         Faith    .   Q - +0 mask of the Dragon {MR+ Slay+3 SInv}
rElec    .         Spirit   .   L - +0 cloak
rCorr    +         Reflect  .   S - +0 pair of gloves
MR       ++...                  y - +2 pair of boots
Stlth    +.........             w - amulet of magic regeneration
HPRegen  0.38/turn              f - ring of wizardry
MPRegen  0.73/turn              j - ring of magical power

@: very slightly contaminated
A: breathe frost, unfitting armour, cold resistance 1, cold-blooded, AC +10
}: 2/15 runes: serpentine, gossamer
a: Breathe Frost, Renounce Religion


You were on level 2 of the Crypt.
You worshipped Vehumet.
Vehumet was exalted by your worship.
You were hungry.

You visited 7 branches of the dungeon, and saw 29 of its levels.
You also visited: Ice Cave.

You collected 3647 gold pieces.
You spent 1391 gold pieces at shops.

Inventory:

Missiles
 u - 74 exploding tomahawks
 I - 557 poisoned tomahawks (quivered)
Armour
 y - a +2 pair of boots (worn)
 L - a +0 cloak (worn)
 Q - the +0 mask of the Dragon (worn) {MR+ Slay+3 SInv}
   (You found it on level 11 of the Dungeon)

   It affects your accuracy and damage with ranged weapons and melee attacks
   (+3).
   It affects your resistance to hostile enchantments.
   It lets you see invisible.
 S - a +0 pair of gloves (worn)
 T - the +0 buckler "Sackysi" (worn) {rF- rCorr Int+5 Slay+3}
   (You found it on level 8 of the Dungeon)

   It affects your intelligence (+5).
   It affects your accuracy and damage with ranged weapons and melee attacks
   (+3).
   It makes you vulnerable to fire.
   It provides partial protection from all sources of acid and corrosion.
Magical Staves
 a - an uncursed staff of cold (weapon)
 s - an uncursed staff of fire
Jewellery
 f - a ring of wizardry (left hand)
 j - a ring of magical power (right hand)
 w - an amulet of magic regeneration (around neck)
 R - an uncursed ring of resist corrosion
 V - an uncursed ring of protection from cold
Wands
 r - a wand of iceblast (7)
 x - a wand of polymorph (12)
 A - a wand of paralysis (34)
 E - a wand of clouds (4)
 M - a wand of digging (40)
 U - a wand of acid (9)
 Y - a wand of charming (3)
Scrolls
 c - 9 scrolls of immolation
 g - 10 scrolls of amnesia
 i - 2 scrolls of silence
 m - 8 scrolls of revelation
 o - 6 scrolls of enchant armour
 p - 3 scrolls of noise
 q - 14 scrolls of teleportation
 v - 13 scrolls of remove curse
 B - 4 scrolls of fear
 C - 6 scrolls of fog
 F - 5 scrolls of vulnerability
 J - 4 scrolls of blinking
Potions
 b - 3 potions of haste
 d - 3 potions of cancellation
 k - 7 potions of agility
 l - 17 potions of curing
 n - 7 potions of flight
 t - 6 potions of heal wounds
 z - 6 potions of ambrosia
 D - 2 potions of magic
 G - 3 potions of brilliance
 H - 4 potions of invisibility
 O - 3 potions of might
 W - 8 potions of mutation
 X - 3 potions of lignification
Miscellaneous
 h - a lightning rod (4/4)
 P - a box of beasts
 Z - a phial of floods
Comestibles
 e - 23 rations {!d}


   Skills:
 - Level 12.0 Fighting
   Level 6.0(7.5) Polearms
 - Level 6.9(8.0) Staves
 - Level 3.0 Throwing
 - Level 5.0 Dodging
 - Level 8.0 Shields
 + Level 16.2 Spellcasting
 - Level 20.0 Conjurations
 - Level 5.0 Charms
 - Level 4.0 Transmutations
 - Level 15.0 Ice Magic
 + Level 7.2 Air Magic
   Level 5.0 Earth Magic
 - Level 2.0 Poison Magic
 - Level 10.0 Evocations


You had 5 spell levels left.
You knew the following spells:

 Your Spells              Type           Power        Failure   Level  Hunger
a - Shock                 Conj/Air       #######      0%          2    None
b - Lightning Bolt        Conj/Air       #######.     1%          4    None
c - Throw Icicle          Conj/Ice       ########     0%          4    None
d - Orb of Destruction    Conj           #######...   1%          7    ####...
e - Searing Ray           Conj           #######.     0%          2    None
f - Iskenderun's Battles  Conj/Chrm      ######..     1%          5    None
g - Mephitic Cloud        Conj/Pois/Air  ######..     1%          3    None
w - Glaciate              Conj/Ice/Air   #######...   9%          8    None
x - Yara's Violent Unrav  Hex/Tmut       ####......   1%          4    None
z - Icicle Burst          Conj/Ice       ########..   1%          7    None

Your spell library contained the following spells:

 Spells                   Type           Power        Failure   Level  Hunger
 Chain Lightning          Conj/Air       #######...   10%         8    #####..
 Lehudib's Crystal Spear  Conj/Erth      ######....   16%         8    #####..
 Apportation              Tloc           ###...       1%          1    None
 Corona                   Hex            ###....      1%          1    None
 Flame Tongue             Conj/Fire      #####        1%          1    None
 Infusion                 Chrm           #####...     1%          1    None
 Sandblast                Erth           #####.       1%          1    None
 Slow                     Hex            ###.....     1%          1    None
 Static Discharge         Air            ######       1%          1    None
 Summon Butterflies       Summ           ###.....     1%          1    None
 Summon Small Mammal      Summ           ###.         1%          1    None
 Flaming Arrows           Chrm/Fire      #####...     1%          2    None
 Poisonous Vapours        Pois/Air       #####.       1%          2    None
 Swiftness                Chrm/Air       ######..     1%          2    None
 Conjure Flame            Conj/Fire      ######..     1%          3    None
 Dazzling Orbs            Conj/Hex       ######.      1%          3    None
 Inner Flame              Hex/Fire       N/A          1%          3    None
 Fulminant Prism          Conj/Hex       ######....   1%          4    None
 Sticky Flame             Conj/Fire      ######..     1%          4    None
 Summon Ice Beast         Ice/Summ       #######.     1%          4    None
 Fireball                 Conj/Fire      ######....   1%          5    None
 Freezing Cloud           Ice/Air        #######.     1%          5    None
 Metabolic Englaciation   Hex/Ice        #######...   1%          5    None
 Call Imp                 Summ           ###...       2%          2    None
 Petrify                  Tmut/Erth      #####.....   2%          4    None
 Beckoning                Tloc           ###.......   4%          3    None
 Call Canine Familiar     Summ           ###.....     4%          3    None
 Confuse                  Hex            ###.....     4%          3    None
 Portal Projectile        Tloc           ###...       4%          3    None
 Silence                  Hex/Air        #####.....   10%         5    None
 Summon Lightning Spire   Summ/Air       #####...     10%         5    None
 Force Lance              Tloc           ###.....     16%         4    None
 Steam Barrier            Chrm/Fire      #####.....   16%         5    None
 Bolt of Cold             Conj/Ice       ########..   1%          6    None
 Conjure Ball Lightning   Conj/Air       #######...   1%          6    ##.....
 Ozocubu's Refrigeration  Ice            ########..   1%          6    None
 Simulacrum               Ice/Necr       #######.     11%         6    None
 Spellforged Servitor     Conj/Summ      ######....   21%         7    ####...
 Aura of Abjuration       Summ           ###.......   90%         6    ##.....
 Dispersal                Tloc           ###.......   90%         6    ##.....
 Tornado                  Tloc/Air       #####.....   98%         8    #####..
 Controlled Blink         Tloc           ###.....     100%        7    ####...
 Ignition                 Fire           ###.......   100%        8    #####..
 Shatter                  Erth           #####.....   100%        9    #######


Dungeon Overview and Level Annotations

Branches:
Dungeon (12/12)            Temple (0/1) D:7            Lair (6/6) D:8
  Snake (3/3) Lair:3       Spider (3/3) Lair:3        Slime (0/5) Orc
    Orc (1/1) D:9             Elf (0/3) Lair:5       Vaults (2/3) D:12
  Crypt (2/2) Vaults:1     Depths (0/5) D:12
   Tomb: Crypt:2

Altars:
Ashenzari
Cheibriados
Dithmenos
Gozag
Kikubaaqudgha
Lugonu
Nemelex Xobeh
Okawaru
Qazlal
Ru
Sif Muna
Uskayaw
Vehumet
Xom
Yredelemnul
Jiyva

Shops:
D:12 ?   Orc ([?:   Snake:2 (!?[   Vaults:1 (   Vaults:2 *

Portals:
Abyss: Snake:2

Annotations:
Lair:6 2 transporters, 2 runed doors, yrara's ghost, journeyman DsFi
Snake:1 3 runed translucent doors, polpettosauro's ghost, journeyman DjEE
Spider:1 exclusion: orange crystal statue, Roxanne
Spider:3 exclusion: 2 orange crystal statues


Innate Abilities, Weirdness & Mutations

You can breathe waves of freezing cold.
You can buffet flying creatures when you breathe cold.
Your icy white scales are hard. (AC +10)
You cannot fit into any form of body armour.
Your flesh is cold resistant. (rC+)
You are cold-blooded and may be slowed by cold attacks.


Message History

You are engulfed in a cloud of spores!
Cast which spell? (? or * to list)
Okay, then.
A lich comes into view.
The deathcap draws from the surrounding life force!
* * * LOW HITPOINT WARNING * * *
Items here: )) ?? [[ Cast which spell? (? or * to list)
Aiming: Icicle Burst (safe; 1% risk of failure)
Press: ? - help, Shift-Dir - straight line, f - lich
Aim: a lich (hasn't noticed you)
Okay, then.
Blink to where?
Press: ? - help, Dir - move target cursor You are very lightly contaminated with residual magic.
As you read the scroll of blinking, it crumbles to dust.
The deathcap draws from the surrounding life force!
* * * LOW HITPOINT WARNING * * *
The deathcap draws from the surrounding life force!
You die...

≈≈§≈≈§≈§≈≈§≈≈#.)..##.........#
≈≈.§}:zVV§≈≈≈#............####
§..V["[".§.≈≈#..#########.#
...[=))(....§#..#...#...#.#
......... #..#.#.#.#.#.#
8.###.8 #.........[..# .....
#.......##.###
####'''#######....<...#.#
...........##...@.....#.#
...........##..#......#.#
##.....W.###...#......#.#
.##''''L##f..#####(##.#.#
......○z[.f.##........#.#
##########f###.##.....#
#.f...######## #####.# #.#


You could see 2 deathcaps and a wandering mushroom.

Vanquished Creatures
  Saint Roka (Vaults:2)
  Jory (Vaults:2)
  Nikola (Vaults:1)
  Rupert (Lair:6)
  3 ancient champions (Crypt:2)
  A lich (Crypt:2)
  A sphinx (D:11)
  Kirke (Lair:6)
  Donald (Spider:2)
  19 nagarajas
  A ghoul (Crypt:2)
  2 revenants
  7 ghost moths
  A curse skull (Crypt:2)
  An orc warlord (Vaults:1)
  4 emperor scorpions
  7 vault wardens
  A stone giant (Vaults:2)
  8 ironheart preservers
  3 very ugly things
  8 jiangshi
  3 vampire knights (Crypt:2)
  2 entropy weavers (Spider:1)
  2 spark wasps (Spider:3)
  A dire elephant (Lair:6)
  An ettin (D:11)
  An eidolon (Crypt:1)
  4 yaktaur captains
  7 vault guards
  3 fire dragons
  2 rakshasas
  5 anacondas
  10 naga warriors
  A catoblepas (Lair:4)
  6 hydras
  4 ogre magi
  3 great orbs of eyes
  20 two-headed ogres
  5 tengu warriors
  A dancing weapon (Vaults:1)
  6 sea snakes (Snake:3)
  A death knight (Crypt:1)
  4 death yaks (Lair:3)
  3 deep troll earth magi (Vaults:2)
  4 orc high priests (Orc)
  5 shock serpents
  9 vampire magi
  4 naga sharpshooters
  4 deep elf knights
  3 salamander mystics
  9 deep trolls (Vaults:2)
  10 centaur warriors
  4 hell knights (Vaults:1)
  A spark wasp zombie (Crypt:1)
  An unseen horror (D:11)
  12 skeletal warriors
  A gelid demonspawn (IceCv)
  2 flayed ghosts (Crypt:2)
  A lindwurm (Lair:4)
  9 wizards
  6 naga ritualists
  3 phantasmal warriors
  3 wolf spider zombies
  3 deep elf archers
  3 cyclopes
  A sphinx zombie (Crypt:1)
  3 necromancers
  12 mana vipers
  5 ironheart convokers
  24 wolf spiders
  7 orb spiders
  5 deep elf magi
  2 orc knights
  16 ugly things
  8 oklob plants
  A shining eye (shapeshifter) (Vaults:2)
  12 salamanders
  3 orc sorcerers
  A manticore (Lair:6)
  12 guardian serpents
  4 moths of wrath
  7 vault sentinels
  31 black mambas
  A dire elephant zombie (Crypt:2)
  10 naga magi
  21 elephants
  2 ice statues (IceCv)
  A gargoyle (D:11)
  A water nymph (shapeshifter) (Vaults:1)
  11 cane toads
  6 rime drakes
  An alligator snapping turtle skeleton (Crypt:1)
  3 yaktaurs
  7 demonic crawlers
  A tengu conjurer (Vaults:2)
  8 komodo dragons
  2 flying skulls (Crypt:2)
  21 jumping spiders
  3 freezing wraiths
  9 ice devils (IceCv)
  A pale draconian skeleton (Crypt:1)
  An iron troll skeleton (Crypt:1)
  5 trolls
  9 hornets
  A shadow dragon simulacrum (Vaults:2)
  A polar bear (Lair:6)
  13 blink frogs
  2 bog bodies (Crypt:2)
  2 sphinx simulacra (Vaults:2)
  A stone giant simulacrum (Vaults:1)
  12 slime creatures
  2 harpy skeletons
  9 hippogriffs
  11 dream sheep
  A human simulacrum (Vaults:2)
  An ettin skeleton (Crypt:2)
  A spriggan (D:7)
  15 tarantellas
  A vampire (D:10)
  5 wraiths
  Sigmund (D:3)
  A tarantella (shapeshifter) (Vaults:2)
  2 wyverns
  34 yaks
  2 hungry ghosts
  20 humans (D:12)
  2 steam dragons
  2 basilisks
  30 redbacks
  6 wargs
  17 crocodiles
  A two-headed ogre zombie (D:9)
  16 water moccasins
  An acid dragon (Lair:4)
  23 nagas
  10 porcupines
  A hell hound (Lair:6)
  4 sky beasts
  A soldier ant (shapeshifter) (D:12)
  3 ice beasts
  19 orc warriors
  2 phantoms
  A snapping turtle zombie (Crypt:2)
  A necrophage (Crypt:2)
  2 black bears
  16 ogres
  8 boggarts
  10 wolves
  A swamp dragon skeleton (Crypt:1)
  A komodo dragon zombie (Crypt:1)
  7 bullfrogs
  11 centaurs
  A hornet simulacrum (D:12)
  5 scorpions
  A troll zombie (D:9)
  A raiju skeleton (Crypt:2)
  10 electric eels
  12 wights
  25 orc priests
  4 howler monkeys
  3 bullfrog zombies
  2 crimson imps
  2 jellies
  A quasit (D:9)
  3 hounds
  A bullfrog skeleton (D:5)
  24 orc wizards
  A basilisk skeleton (Crypt:2)
  Jessica (D:2)
  Terence (D:2)
  2 iguanas
  14 worker ants
  6 ogre zombies (D:9)
  7 mummies (Crypt:2)
  2 hound skeletons
  16 adders
  10 gnolls
  2 shadow imps (D:8)
  A steam dragon skeleton (Crypt:1)
  6 white imps (IceCv)
  8 ufetubi (IceCv)
  An ooze (D:1)
  A worm zombie (Crypt:2)
  An adder zombie (D:5)
  An iguana zombie (Crypt:1)
  2 adder skeletons
  A worm (D:3)
  3 dart slugs
  4 leopard geckos
  44 orcs
  4 giant cockroaches
  3 goblins
  8 hobgoblins
  7 jackals
  5 quokkas
  A ball python (Lair:3)
  3 bats
  A goblin skeleton (D:9)
  4 goblin zombies
  2 hobgoblin skeletons (D:9)
  5 hobgoblin zombies (D:9)
  8 kobolds
  An orc skeleton (D:9)
  13 orc zombies (D:9)
  A quokka skeleton (Crypt:2)
  5 rats
  A lurking horror (Snake:2)
  8 plants
1187 creatures vanquished.

Vanquished Creatures (others)
  3 humans (Lair:6)
  5 white imps (IceCv)
  An ufetubus (IceCv)
  3 bushes (D:8)
  A butterfly (Lair:6)
  7 fungi
  41 plants
61 creatures vanquished.

Grand Total: 1248 creatures vanquished

Notes
Turn   | Place    | Note
-------+----------+-------------------------------------------
     0 | D:1      | Grijm the Draconian Reaver began the quest for the Orb.
     0 | D:1      | Reached XP level 1. HP: 19/19 MP: 3/3
   158 | D:1      | Reached XP level 2. HP: 26/26 MP: 5/5
   797 | D:2      | Reached XP level 3. HP: 33/33 MP: 6/6
   803 | D:2      | Reached * piety under Vehumet
   803 | D:2      | Offered knowledge of Flame Tongue by Vehumet.
   861 | D:2      | Found a shadowy altar of Dithmenos.
   974 | D:2      | Noticed Terence
  1001 | D:2      | Killed Terence
  1118 | D:2      | Found a basalt altar of Yredelemnul.
  1227 | D:2      | Noticed Jessica
  1235 | D:2      | Killed Jessica
  1236 | D:2      | Reached XP level 4. HP: 21/41 MP: 7/7
  1300 | D:2      | Noticed a water elemental
  1302 | D:2      | Found a stormy altar of Qazlal.
  1304 | D:2      | Noticed a fire elemental
  1304 | D:2      | Noticed an earth elemental
  1304 | D:2      | Noticed an air elemental
  1468 | D:2      | Found a sacrificial altar of Ru.
  1644 | D:3      | Noticed a centaur
  1755 | D:3      | Reached skill level 5 in Fighting
  1755 | D:3      | Reached skill level 1 in Evocations
  1779 | D:3      | Noticed Sigmund
  1858 | D:3      | Killed a centaur
  1859 | D:3      | Reached XP level 5. HP: 38/48 MP: 8/8
  2189 | D:3      | Reached XP level 6. HP: 41/57 MP: 9/9
  2470 | D:4      | Noticed a sky beast
  2544 | D:4      | Killed a sky beast
  2564 | D:4      | Found an iron altar of Okawaru.
  2598 | D:4      | Reached ** piety under Vehumet
  2598 | D:4      | Offered knowledge of Shock by Vehumet.
  2599 | D:4      | Your scales start taking on an icy white colour.
  2599 | D:4      | Reached XP level 7. HP: 61/63 MP: 10/10
  2599 | D:4      | Gained mutation: Your flesh is cold resistant. (rC+) [White
                  | Draconian growth]
  2644 | D:4      | Reached skill level 5 in Evocations
  3167 | D:5      | Entered Level 5 of the Dungeon
  3263 | D:5      | Reached skill level 5 in Polearms
  3503 | D:5      | Learned a level 2 spell: Shock
  3630 | D:5      | Found a shimmering blue altar of Sif Muna.
  3668 | D:5      | Found a radiant altar of Vehumet.
  3737 | D:5      | Reached XP level 8. HP: 49/70 MP: 4/12
  3946 | D:5      | Learned a level 5 spell: Iskenderun's Battlesphere
  4040 | D:6      | Reached skill level 1 in Conjurations
  4040 | D:6      | Reached skill level 1 in Air Magic
  4049 | D:6      | Learned a level 3 spell: Mephitic Cloud
  4054 | D:6      | Learned a level 4 spell: Lightning Bolt
  4076 | D:6      | Reached skill level 1 in Charms
  4184 | D:6      | Noticed a +0 spear
  4184 | D:6      | Noticed a +0 short sword
  4187 | D:6      | Noticed a +0 falchion
  4187 | D:6      | Noticed a +0 spear
  4187 | D:6      | Noticed a +0 short sword
  4187 | D:6      | Noticed a +0 dagger
  4194 | D:6      | Noticed a +0 falchion
  4196 | D:6      | Noticed a +0 dagger
  4203 | D:6      | Found a hide-covered altar of Uskayaw.
  4239 | D:6      | Noticed a troll
  4287 | D:6      | Killed a troll
  4288 | D:6      | Reached skill level 2 in Conjurations
  4478 | D:6      | Reached skill level 3 in Conjurations
  4514 | D:6      | Noticed a two-headed ogre
  4537 | D:6      | Killed a two-headed ogre
  4538 | D:6      | Reached skill level 4 in Conjurations
  4538 | D:6      | Reached XP level 9. HP: 63/75 MP: 1/16
  4938 | D:7      | Offered knowledge of Searing Ray by Vehumet.
  4939 | D:7      | Reached skill level 5 in Spellcasting
  4939 | D:7      | Reached skill level 5 in Conjurations
  4979 | D:7      | Learned a level 2 spell: Searing Ray
  5574 | D:7      | Reached *** piety under Vehumet
  5575 | D:7      | Reached skill level 6 in Conjurations
  5772 | D:7      | Reached skill level 7 in Conjurations
  5814 | D:7      | Found a sparkling altar of Nemelex Xobeh.
  5814 | D:7      | Found a corrupted altar of Lugonu.
  5909 | D:7      | Found a staircase to the Ecumenical Temple.
  6588 | D:3      | Offered knowledge of Iskenderun's Mystic Blast by Vehumet.
  7021 | D:3      | Killed Sigmund
  7143 | D:8      | Reached skill level 8 in Conjurations
  7211 | D:8      | Noticed a two-headed ogre
  7216 | D:8      | Killed a two-headed ogre
  7217 | D:8      | Reached XP level 10. HP: 83/83 MP: 19/19
  7231 | D:8      | Reached skill level 9 in Conjurations
  7481 | D:8      | Found a staircase to the Lair.
  7501 | D:8      | Reached skill level 10 in Conjurations
  7509 | D:8      | Reached **** piety under Vehumet
  7541 | D:8      | Offered knowledge of Venom Bolt by Vehumet.
  7653 | D:8      | Got a faintly humming buckler
  7655 | D:8      | Identified the cursed +0 buckler "Sackysi" {rF- rCorr Int+5
                  | Slay+3} (You found it on level 8 of the Dungeon)
  7710 | D:8      | Found an opulent altar of Gozag.
  8045 | Lair:1   | Entered Level 1 of the Lair of Beasts
  8087 | Lair:1   | Noticed a cane toad
  8095 | Lair:1   | Killed a cane toad
  8615 | Lair:1   | Reached skill level 1 in Shields
  8773 | Lair:1   | Noticed a seven-headed hydra
  8787 | Lair:1   | Killed a seven-headed hydra
  8788 | Lair:1   | Reached XP level 11. HP: 78/92 MP: 14/23
 10176 | Lair:3   | Found a frozen archway.
 10217 | IceCv    | Entered an ice cave
 10427 | IceCv    | Reached skill level 10 in Spellcasting
 10780 | IceCv    | Noticed a gelid demonspawn
 10795 | IceCv    | Killed a gelid demonspawn
 10881 | IceCv    | Reached skill level 10 in Fighting
 11105 | Lair:3   | Found a hole to the Spider Nest.
 11150 | Lair:3   | Reached XP level 12. HP: 106/106 MP: 14/26
 11338 | Lair:3   | Reached skill level 5 in Charms
 11347 | Lair:3   | Reached skill level 1 in Throwing
 11487 | Lair:3   | Reached ***** piety under Vehumet
 11498 | Lair:3   | Offered knowledge of Throw Icicle by Vehumet.
 11548 | Lair:2   | Learned a level 4 spell: Throw Icicle
 11554 | Lair:3   | Reached skill level 1 in Ice Magic
 11856 | Lair:3   | Found a staircase to the Snake Pit.
 11891 | Lair:3   | Noticed a death yak
 11894 | Lair:3   | Noticed a death yak
 11899 | Lair:3   | Noticed a death yak
 12029 | Lair:3   | Reached skill level 5 in Ice Magic
 12157 | Lair:3   | Killed a death yak
 12294 | Lair:3   | Found the cursed +14 obsidian axe {chop, +Fly SInv *Curse}
 12922 | Lair:3   | Noticed a death yak
 12935 | Lair:3   | Killed a death yak
 12944 | Lair:3   | Killed a death yak
 12945 | Lair:3   | Killed a death yak
 12946 | Lair:3   | Reached skill level 10 in Ice Magic
 13393 | Lair:4   | Noticed a catoblepas
 13404 | Lair:4   | Killed a catoblepas
 13477 | Lair:4   | Reached XP level 13. HP: 113/113 MP: 7/27
 13705 | Lair:4   | Reached skill level 11 in Conjurations
 14191 | Lair:4   | Reached skill level 12 in Conjurations
 14347 | Lair:4   | Learned a level 4 spell: Yara's Violent Unravelling
 15046 | Lair:5   | Reached skill level 13 in Conjurations
 15073 | Lair:5   | Found a staircase to the Elven Halls.
 15510 | Lair:6   | Entered Level 6 of the Lair of Beasts
 15812 | Lair:6   | Offered knowledge of Iron Shot by Vehumet.
 15834 | Lair:6   | HP: 5/113 [rime drake/flash freeze (23)]
 16189 | Lair:6   | Found a transporter.
 16189 | Lair:6   | Noticed yrara's ghost (journeyman DsFi)
 16194 | Lair:6   | Reached skill level 14 in Conjurations
 16207 | Lair:6   | Found a transporter.
 16277 | Lair:6   | Learned a level 6 spell: Iron Shot
 16315 | Lair:6   | Noticed Rupert
 16475 | Lair:6   | Paralysed by Rupert for 2 turns
 16482 | Lair:6   | Paralysed by Rupert for 4 turns
 16490 | Lair:6   | Killed Rupert
 16491 | Lair:6   | Reached XP level 14. HP: 121/121 MP: 13/28
 16564 | Lair:6   | Reached skill level 15 in Conjurations
 16599 | Lair:6   | Noticed Kirke
 16909 | Lair:6   | Killed Kirke
 17157 | Lair:6   | Found a large runed door.
 17159 | Lair:6   | Found a large runed door.
 17434 | Lair:6   | Reached skill level 1 in Staves
 18137 | D:9      | Found a staircase to the Orcish Mines.
 18152 | D:9      | Reached skill level 5 in Earth Magic
 18294 | D:9      | Found an ancient bone altar of Kikubaaqudgha.
 18294 | D:9      | Found a snail-covered altar of Cheibriados.
 18527 | D:9      | Found a shattered altar of Ashenzari.
 18631 | Orc      | Entered the Orcish Mines
 18708 | Orc      | Found a staircase to the Slime Pits.
 18715 | Orc      | Found a viscous altar of Jiyva.
 19010 | Orc      | Reached skill level 5 in Staves
 19354 | Orc      | Found Ocrakhok's Magic Scroll Emporium.
 19354 | Orc      | Found Mofef's Book Emporium.
 19355 | Orc      | Found Rinomaqae's Antique Armour Shoppe.
 19359 | Orc      | Found Muishu Yrao's Weapon Shoppe.
 19362 | Orc      | Bought a scroll of fear for 70 gold pieces
 19586 | D:10     | Entered Level 10 of the Dungeon
 19849 | D:10     | Offered knowledge of Poison Arrow by Vehumet.
 20004 | D:10     | Identified the Volume of Feathers
 20511 | D:10     | Noticed a white very ugly thing
 20518 | D:10     | Killed a white very ugly thing
 21224 | D:11     | Reached XP level 15. HP: 126/126 MP: 17/30
 21414 | D:11     | Noticed a sphinx
 21422 | D:11     | Killed a sphinx
 21566 | D:11     | Found a sacrificial altar of Ru.
 21747 | D:11     | Found the +0 mask of the Dragon {MR+ Slay+3 SInv}
 21825 | D:12     | Entered Level 12 of the Dungeon
 21925 | D:12     | Found Ecappayqa's Magic Scroll Boutique.
 21933 | D:12     | Bought a scroll of revelation for 64 gold pieces
 21989 | D:12     | Reached ****** piety under Vehumet
 22355 | D:12     | Reached skill level 16 in Conjurations
 22632 | D:12     | Found a staircase to the Depths.
 22773 | D:12     | Offered knowledge of Icicle Burst by Vehumet.
 22782 | D:12     | Learned a level 7 spell: Icicle Burst
 23029 | D:12     | Found a gate to the Vaults.
 23470 | Orc      | Bought a book of Power for 600 gold pieces
 23479 | Orc      | Learned a level 7 spell: Orb of Destruction
 23632 | Snake:1  | Entered Level 1 of the Snake Pit
 23638 | Snake:1  | Noticed a nagaraja
 23638 | Snake:1  | Noticed a nagaraja
 23675 | Lair:3   | Reached skill level 17 in Conjurations
 23835 | Snake:1  | Killed a nagaraja
 23837 | Snake:1  | Killed a nagaraja
 24329 | Snake:1  | Reached XP level 16. HP: 133/134 MP: 32/32
 24536 | Snake:1  | Found a runed translucent gate.
 24537 | Snake:1  | Found the cursed +13 scythe of Curses {drain, *Curse}
 24538 | Snake:1  | Found a runed translucent gate.
 24539 | Snake:1  | Found a runed translucent gate.
 24540 | Snake:1  | Noticed polpettosauro's ghost (journeyman DjEE)
 24771 | Snake:2  | Found a shimmering altar of Xom.
 24809 | Snake:2  | Found a corrupted altar of Lugonu.
 24809 | Snake:2  | Found a one-way gate to the infinite horrors of the Abyss.
 25031 | Snake:2  | Reached skill level 18 in Conjurations
 25143 | Snake:2  | Found Qemakk's Antique Weapon Shop.
 25361 | Snake:2  | Found Qity's Distillery.
 25364 | Snake:2  | Bought a potion of heal wounds for 70 gold pieces
 25385 | Snake:2  | Found Esentatets's Magic Scroll Shoppe.
 25460 | Snake:2  | Bought 2 scrolls of teleportation for 84 gold pieces
 25460 | Snake:2  | Bought a scroll of teleportation for 42 gold pieces
 25460 | Snake:2  | Bought a scroll of teleportation for 42 gold pieces
 25460 | Snake:2  | Bought a scroll of teleportation for 42 gold pieces
 25468 | Snake:2  | Found Tahuris's Armour Shop.
 26102 | Snake:3  | Entered Level 3 of the Snake Pit
 26117 | Snake:3  | Got a warped lead amulet
 26119 | Snake:3  | Identified the amulet "Ythesur" {Inacc Dex+3} (You found it
                  | on level 3 of the Snake Pit)
 26145 | Snake:3  | Offered knowledge of Mana Rupture by Vehumet.
 27652 | Snake:3  | Reached XP level 17. HP: 140/140 MP: 29/33
 27663 | Snake:3  | Reached skill level 15 in Ice Magic
 28306 | Snake:3  | Got a serpentine rune of Zot
 28592 | Spider:1 | Entered Level 1 of the Spider Nest
 28678 | Spider:1 | Offered knowledge of Bolt of Fire by Vehumet.
 28819 | Spider:1 | Noticed Roxanne
 29119 | Spider:1 | Reached skill level 15 in Spellcasting
 30122 | Spider:2 | Reached skill level 5 in Shields
 30122 | Spider:2 | Offered knowledge of Poison Arrow by Vehumet.
 30840 | Spider:2 | Noticed Donald
 30844 | Spider:2 | Killed Donald
 31091 | Spider:3 | Entered Level 3 of the Spider Nest
 31548 | Spider:3 | Reached XP level 18. HP: 149/149 MP: 37/37
 31561 | Spider:3 | Reached skill level 5 in Dodging
 32433 | Spider:3 | Got a gossamer rune of Zot
 32753 | Vaults:1 | Entered Level 1 of the Vaults
 33034 | Vaults:1 | Noticed Nikola
 33047 | Vaults:1 | Killed Nikola
 33919 | Vaults:1 | Offered knowledge of Lehudib's Crystal Spear by Vehumet.
 33919 | Vaults:1 | Offered knowledge of Glaciate by Vehumet.
 33919 | Vaults:1 | Offered knowledge of Chain Lightning by Vehumet.
 34316 | Vaults:1 | Found a staircase to the Crypt.
 34328 | Vaults:1 | Reached skill level 10 in Evocations
 34642 | Vaults:1 | Found Bogobei's Antique Weapon Shoppe.
 35258 | Vaults:2 | Reached XP level 19. HP: 160/160 MP: 34/38
 35509 | Vaults:2 | Reached skill level 19 in Conjurations
 35909 | Vaults:2 | Noticed Jory
 36165 | Vaults:2 | Noticed Saint Roka
 36178 | Vaults:2 | Killed Saint Roka
 36381 | Vaults:2 | Reached skill level 20 in Conjurations
 36481 | Vaults:2 | Found Zueteh's Assorted Antiques.
 36489 | Vaults:2 | Bought a potion of curing for 67 gold pieces
 36489 | Vaults:2 | Bought a potion of curing for 67 gold pieces
 36489 | Vaults:2 | Bought a potion of cancellation for 135 gold pieces
 36489 | Vaults:2 | Bought a crooked silver wand for 108 gold pieces
 36531 | Vaults:2 | Reached skill level 1 in Transmutations
 36567 | Vaults:2 | Killed Jory
 36797 | Vaults:2 | Learned a level 8 spell: Glaciate
 37315 | Crypt:1  | Entered Level 1 of the Crypt
 38293 | Crypt:2  | Entered Level 2 of the Crypt
 38321 | Crypt:2  | Reached skill level 5 in Air Magic
 38461 | Crypt:2  | Reached XP level 20. HP: 168/168 MP: 28/39
 38751 | Crypt:2  | Noticed a curse toe
 38752 | Crypt:2  | Found the cursed +4 dagger "Morg" {pain, MR+ Int+12 *Curse}
 38996 | Crypt:2  | Killed from afar by a deathcap

Skill      XL: |  1  2  3  4  5  6  7  8  9 10 11 12 13 14 15 16 17 18 19 20 |
---------------+-------------------------------------------------------------+-----
Dodging        | 3 4 5 |  5.0
Fighting       | 4 5 6 7 10 12 | 12.0
Polearms       | 4 6 |  6.0
Evocations     | 1 2 4 5 10 | 10.0
Spellcasting   | 3 4 6 8 10 11 12 15 16 | 16.2
Conjurations   | 4 8 10 14 15 17 18 20 | 20.0
Air Magic      | 2 5 7 |  7.2
Charms         | 3 5 |  5.0
Poison Magic   | 2 |  2.0
Shields        | 2 4 5 8 |  8.0
Throwing       | 3 |  3.0
Ice Magic      | 10 14 15 | 15.0
Earth Magic    | 5 |  5.0
Staves         | 6 |  6.9
Transmutations | 4 |  4.0

Action                   |  1- 3 |  4- 6 |  7- 9 | 10-12 | 13-15 | 16-18 | 19-21 || total
-------------------------+-------+-------+-------+-------+-------+-------+-------++-------
Melee: Trident           |   134 |   134 |   249 |    69 |       |       |       ||   586
       Tailslap          |    12 |    12 |    26 |     6 |    13 |       |    13 ||    82
       Whip              |    14 |     5 |       |       |       |       |       ||    19
       Staff             |       |       |       |     8 |    65 |     3 |    51 ||   127
Throw: Stone             |       |     6 |     1 |       |       |       |       ||     7
       Tomahawk          |       |       |     2 |     2 |     3 |     4 |       ||    11
 Cast: Shock             |       |       |    20 |    94 |   296 |       |       ||   410
       Mephitic Cloud    |       |       |     8 |     3 |    30 |     3 |     1 ||    45
       Iskenderun's Batt |       |       |     2 |    50 |   109 |    39 |    27 ||   227
       Searing Ray       |       |       |    17 |    68 |    79 |     1 |       ||   165
       Lightning Bolt    |       |       |       |     3 |    39 |    18 |    16 ||    76
       Throw Icicle      |       |       |       |    36 |    44 |   296 |   197 ||   573
       Iron Shot         |       |       |       |       |    14 |       |       ||    14
       Icicle Burst      |       |       |       |       |    47 |   166 |    79 ||   292
       Orb of Destructio |       |       |       |       |     1 |   134 |    32 ||   167
       Yara's Violent Un |       |       |       |       |       |     5 |     3 ||     8
 Abil: Breathe Frost     |       |       |    14 |     6 |     9 |     3 |     2 ||    34
Evoke: Wand              |     1 |     1 |     2 |     5 |     8 |       |       ||    17
       Phial of floods   |       |       |       |       |       |       |     1 ||     1
  Use: Scroll            |     3 |     1 |     2 |     5 |    12 |     4 |     4 ||    31
       Potion            |       |       |       |       |     2 |     1 |       ||     3
 Stab: Sleeping          |       |     1 |       |       |       |       |       ||     1
       Paralysed         |       |       |     4 |     1 |       |       |       ||     5
       Confused          |       |       |     4 |     1 |     1 |       |       ||     6
       Distracted        |       |       |     1 |       |       |       |       ||     1
  Eat: Chunk             |     5 |     9 |    27 |    27 |    54 |    27 |    14 ||   163
       Ration            |       |       |       |     3 |     2 |    14 |     2 ||    21
Armor: Skin              |    35 |    53 |    94 |    74 |   143 |    37 |    32 ||   468
Dodge: Dodged            |    71 |    70 |   142 |   114 |   143 |    55 |    40 ||   635
Block: Buckler           |       |       |       |    33 |    64 |    26 |    25 ||   148
